 Dungeon Crawl Stone Soup version 0.19.5 (webtiles) character file.

5975 Zhenya24pyc the Basher (level 10, -5/63 HPs)
             Began as a Gargoyle Fighter on Apr 13, 2017.
             Was an Elder of Okawaru.
             Slain by a troll (9 damage)
             ... on level 10 of the Dungeon.
             The game lasted 00:24:40 (10192 turns).

Zhenya24pyc the Basher (Gargoyle Fighter)          Turns: 10192, Time: 00:24:40

Health: -5/63      AC: 22    Str: 22    XL:     10   Next: 84%
Magic:  11/11      EV: 11    Int: 11    God:    Okawaru [****..]
Gold:   409        SH: 10    Dex: 10    Spells: 0 memorised, 9 levels left

rFire  . . .     SeeInvis .     v - +0 mace (pain)
rCold  . . .     Gourm    .     w - +2 chain mail {rPois}
rNeg   + . .     Faith    .     c - +0 shield
rPois  ∞         Spirit   .     y - +0 helmet
rElec  +         Reflect  .     (no cloak)
rCorr  .         Harm     .     (no gloves)
MR     +....                    i - +0 pair of boots
Stlth  ..........               (no amulet)
                                M - +1 ring of evasion
                                E - +2 ring of evasion

@: no status effects
A: clever 1, magic resistance 1, negative energy resistance 1, electricity
resistance, unbreathing, petrification resistance, rot immunity, subdued magic
1, MP-powered wands, AC +7
a: Heroism, Renounce Religion


You were on level 10 of the Dungeon.
You worshipped Okawaru.
Okawaru was greatly pleased with you.
You were near starving.

You visited 2 branches of the dungeon, and saw 11 of its levels.

You collected 409 gold pieces.

Inventory:

Hand Weapons
 v - a +0 mace of pain (weapon)
Armour
 c - a +0 shield (worn)
 i - a +0 pair of boots (worn)
 w - a +2 chain mail of poison resistance (worn)
 y - a +0 helmet (worn)
Jewellery
 E - a +2 ring of evasion (left hand)
 M - a +1 ring of evasion (right hand)
Wands
 b - a wand of polymorph (11/24)
 C - a wand of iceblast (10/15)
 Q - a wand of flame (22/48)
 T - a wand of teleportation (4/9)
Scrolls
 e - a scroll of fear {unknown}
 g - 2 scrolls of teleportation
 h - 4 scrolls of amnesia {unknown}
 l - a scroll of blinking {unknown}
 n - 2 scrolls of fog {unknown}
 p - 3 scrolls of enchant armour {unknown}
 t - 3 scrolls of noise {unknown}
 B - 4 scrolls of magic mapping {unknown}
 D - 2 scrolls of random uselessness {unknown}
 G - a scroll of recharging {unknown}
 H - 6 scrolls of remove curse
 I - a scroll of immolation {unknown}
 L - a scroll of torment {unknown}
 P - 2 scrolls of vulnerability {unknown}
Potions
 a - a potion of haste {unknown}
 d - 4 potions of might
 m - 2 potions of curing
 o - a potion of lignification
 q - 4 potions of agility
 r - 4 potions of resistance
 u - 2 potions of mutation
 x - a potion of cure mutation
 R - 2 potions of beneficial mutation
Comestibles
 f - 7 bread rations
 j - a slice of pizza
 k - 4 meat rations
 s - 10 royal jellies
 z - 4 beef jerkies
 A - 5 chunks of flesh
 V - 6 fruits


   Skills:
 + Level 7.1 Fighting
 + Level 10.9 Maces & Flails
 + Level 7.2 Armour
 + Level 4.6 Dodging
 + Level 7.0 Shields
 + Level 0.4 Invocations
 - Level 1.5 Evocations


You had 9 spell levels left.
You didn't know any spells.

Dungeon Overview and Level Annotations

Branches:
Dungeon (10/15)            Temple (1/1) D:5             Orc (0/2) D:9
   Lair: D:8-11

Altars:
Ashenzari
Cheibriados
Dithmenos
Elyvilon
Fedhas
Gozag
Hepliaklqana
Kikubaaqudgha
Makhleb
Nemelex Xobeh
Okawaru
Qazlal
Ru
Sif Muna
Trog
Uskayaw
Vehumet
Xom
Yredelemnul
Zin
The Shining One

Annotations:
D:5 Pikel


Innate Abilities, Weirdness & Mutations

You are resistant to torment.
Your stone body is resilient. (AC +7)
You are immune to poison.
You resist negative energy. (rN+)
You are resistant to electric shocks. (rElec)
You can survive without breathing.
You are immune to petrification.
You are immune to rotting.
Your mind is acute. (Int +2)
You are resistant to hostile enchantments. (MR+)
Your spells are a little easier to cast, but a little less powerful.
You expend magic power (3 MP) to strengthen your wands.


Message History

* * * LOW HITPOINT WARNING * * *
You closely miss the troll. The troll closely misses you.
You block the troll's attack. The troll closely misses you.
You hit the troll but do no damage.
You are near starving!
The troll closely misses you. The troll barely misses you. x2
You thump the troll!
The troll is moderately wounded.
You hit the troll.
The troll is heavily wounded.
You block the troll's attack. The troll closely misses you.
The troll claws you but does no damage.
You hit the troll.
The troll is heavily wounded.
The troll misses you. The troll barely misses you.
The troll claws you but does no damage. The wraith barely misses you.
Your shield and chain mail prevent you from hitting the troll.
The troll is heavily wounded.
The troll bites you!
You die...

#<# #.# #.#
#.... #.#
####. #.# #.
..# #. ###
#. ######.
......W###.#
.......@T..#
############


You could see a troll and a wraith.

Vanquished Creatures
  A hill giant (D:8)
  A centaur skeleton (D:10)
  Prince Ribbit (D:7)
  Grinder (D:3)
  2 hornets (D:8)
  Eustachio (D:6)
  A wraith (D:10)
  4 fire bats (D:8)
  3 hungry ghosts
  Menkaure (D:6)
  Edmund (D:5)
  A hell hound (D:8)
  A soldier ant (D:8)
  Duvessa (D:7)
  A sky beast (D:7)
  A slave (D:5)
  An orc warrior (D:8)
  A necrophage (D:8)
  A phantom (D:10)
  3 ice beasts
  4 bullfrogs
  A gnoll sergeant (D:5)
  Dowan (D:7)
  A scorpion (D:10)
  4 killer bees (D:9)
  4 howler monkeys
  2 crimson imps
  2 lava snakes (D:8)
  2 hounds (D:4)
  4 jellies
  2 orc priests
  Ijyb (D:3)
  Terence (D:3)
  A bullfrog skeleton (D:8)
  2 iguanas
  9 orc wizards
  8 worker ants
  A hound zombie (D:5)
  5 gnolls
  16 adders
  2 shadow imps
  An adder zombie (D:6)
  3 adder skeletons (D:4)
  4 worms
  2 dart slugs
  9 leopard geckos
  21 orcs
  6 giant cockroaches
  12 goblins
  10 hobgoblins
  10 jackals
  4 quokkas
  2 ball pythons
  7 bats
  7 frilled lizards
  3 kobolds
  2 leopard gecko skeletons (D:4)
  A quokka skeleton (D:5)
  7 rats
212 creatures vanquished.

Vanquished Creatures (others)
  An ogre (D:8)
  A fire vortex (D:8)
2 creatures vanquished.

Grand Total: 214 creatures vanquished

Notes
Turn   | Place    | Note
-------+----------+-------------------------------------------
     0 | D:1      | Zhenya24pyc the Gargoyle Fighter began the quest for the Orb.
     0 | D:1      | Reached XP level 1. HP: 14/14 MP: 1/1
   213 | D:1      | Reached XP level 2. HP: 14/19 MP: 2/2
   258 | D:1      | Reached skill level 3 in Maces & Flails
   561 | D:1      | Reached XP level 3. HP: 23/23 MP: 3/3
  1018 | D:2      | Found a glowing golden altar of the Shining One.
  1477 | D:2      | Reached skill level 4 in Maces & Flails
  1702 | D:2      | Reached XP level 4. HP: 24/28 MP: 4/4
  2026 | D:3      | Noticed Terence
  2039 | D:3      | Killed Terence
  2082 | D:3      | Reached skill level 5 in Maces & Flails
  2082 | D:3      | Reached XP level 5. HP: 25/32 MP: 5/5
  2596 | D:3      | Found a glowing drain.
  2713 | D:3      | Reached skill level 6 in Maces & Flails
  2746 | D:3      | Noticed Grinder
  2749 | D:3      | Noticed Ijyb
  2771 | D:3      | Killed Ijyb
  2771 | D:3      | Reached XP level 6. HP: 37/37 MP: 6/6
  2789 | D:3      | Paralysed by Grinder for 6 turns
  2797 | D:3      | Killed Grinder
  2797 | D:3      | Reached skill level 7 in Maces & Flails
  2797 | D:3      | Reached XP level 7. HP: 29/41 MP: 7/7
  2919 | D:3      | Found a shadowy altar of Dithmenos.
  3456 | D:4      | Reached skill level 8 in Maces & Flails
  3715 | D:5      | Entered Level 5 of the Dungeon
  3984 | D:5      | Found a sparkling altar of Nemelex Xobeh.
  3992 | D:5      | Noticed Pikel
  4071 | D:5      | Found a shattered altar of Ashenzari.
  4091 | D:5      | Found a staircase to the Ecumenical Temple.
  4118 | Temple   | Entered the Ecumenical Temple
  4386 | D:5      | Found a sacrificial altar of Ru.
  4564 | D:5      | Reached XP level 8. HP: 37/46 MP: 8/8
  4581 | D:5      | Found an iron altar of Okawaru.
  4604 | D:5      | Became a worshipper of Warmaster Okawaru
  4694 | D:5      | Reached skill level 1 in Dodging
  5090 | D:5      | Noticed Edmund
  5103 | D:5      | Killed Edmund
  5494 | D:6      | Noticed Eustachio
  5520 | D:6      | Killed Eustachio
  5821 | D:6      | Reached skill level 9 in Maces & Flails
  5853 | D:6      | Noticed Menkaure
  5858 | D:6      | Killed Menkaure
  5858 | D:6      | Reached * piety under Okawaru
  6190 | D:6      | Found a deep blue altar of Sif Muna.
  6495 | D:7      | Noticed Dowan
  6496 | D:7      | Noticed Duvessa
  6507 | D:7      | Killed Dowan
  6507 | D:7      | Reached skill level 5 in Armour
  6519 | D:7      | Killed Duvessa
  6519 | D:7      | Reached XP level 9. HP: 27/53 MP: 9/9
  6618 | D:7      | Noticed Prince Ribbit
  6659 | D:7      | Killed Prince Ribbit
  6659 | D:7      | Reached skill level 5 in Fighting
  6790 | D:7      | Reached skill level 5 in Shields
  6798 | D:7      | Gained mutation: You are resistant to hostile enchantments. (MR+) [mutagenic meat]
  6799 | D:7      | Gained mutation: You expend magic power (3 MP) to strengthen your wands. [mutagenic meat]
  6800 | D:7      | Gained mutation: Your spells are a little easier to cast, but a little less powerful. [mutagenic meat]
  6801 | D:7      | Gained mutation: Your mind is acute. (Int +2) [mutagenic meat]
  6930 | D:8      | Noticed a hill giant
  7133 | D:8      | Killed a hill giant
  7133 | D:8      | Reached ** piety under Okawaru
  7396 | D:8      | Reached skill level 10 in Maces & Flails
  7588 | D:8      | Reached XP level 10. HP: 11/60 MP: 10/10
  7594 | D:8      | Reached *** piety under Okawaru
  8458 | D:8      | Found a bloodstained altar of Trog.
  8949 | D:9      | Found a faded altar of an unknown god.
  8949 | D:9      | Found a hide-covered altar of Uskayaw.
  8954 | D:9      | Found a faded altar of an unknown god.
  8958 | D:9      | Found a faded altar of an unknown god.
  8960 | D:9      | Found a faded altar of an unknown god.
  9248 | D:9      | Found a staircase to the Orcish Mines.
  9349 | D:9      | Reached **** piety under Okawaru
  9396 | D:9      | Found an ancient bone altar of Kikubaaqudgha.
  9399 | D:9      | Found a hazy altar of Hepliaklqana.
  9402 | D:9      | Found a blossoming altar of Fedhas.
  9531 | D:10     | Entered Level 10 of the Dungeon
  9946 | D:10     | Reached skill level 1 in Evocations
 10174 | D:10     | Noticed a hill giant
 10186 | D:10     | HP: 3/63 [troll (7)]
 10192 | D:10     | Slain by a troll

Skill      XL: |  1  2  3  4  5  6  7  8  9 10 |
---------------+-------------------------------+-----
Maces & Flails | 3 4 5 6 7 8 9 10 | 10.9
Armour         | 5 6 7 |  7.2
Dodging        | 2 3 4 |  4.6
Shields        | 4 5 7 |  7.0
Fighting       | 4 6 7 |  7.1
Evocations     | 1 |  1.5
Invocations    | |  0.4

Action                   |  1- 3 |  4- 6 |  7- 9 | 10-12 || total
-------------------------+-------+-------+-------+-------++-------
Melee: Flail             |   167 |    32 |       |       ||   199
       Mace              |       |   203 |   649 |   459 ||  1311
Invok: Heroism           |       |       |     1 |     2 ||     3
  Use: Scroll            |       |       |    14 |     4 ||    18
       Potion            |       |       |     3 |     3 ||     6
 Stab: Paralysed         |       |       |     1 |       ||     1
  Eat: Chunk             |     3 |     4 |    22 |    11 ||    40
Armor: Scale mail        |   121 |    11 |       |       ||   132
       Chain mail        |       |   133 |   390 |   274 ||   797
Dodge: Dodged            |    66 |    49 |   230 |   151 ||   496
Block: Shield            |    99 |    94 |   305 |   222 ||   720
